Match 42237091
Unlisted

Match 42237091
End
Construct Section Command Post
Vickers Machine Gun Team
Royal Engineer Section
Infantry Section
Infantry Section
Grenade Package
Selects Air and Sea Battlegroup
Selects Supply Surplus
Construct Field Infirmary
Construct Platoon Command Post
Infantry Section
Unlock Bishop Self-propelled Artillery
Forward Retreat Point
Selects Commando Section Paradrop
Selects M1 Pack Howitzer Paradrop
M1 Pack Howitzer Paradrop
6-pounder Anti-tank Gun Team
Bishop Self-propelled Artillery
Bishop Self-propelled Artillery
Infantry Section
CMP 15cwt Truck
[HAN]Diederick Kastner
Megapig
宇杰
帝国の突撃隊
St. Jordi Corporation
see you again
Bones
VinCo-CN
0
0

Comments sign in to comment!

No comments posted yet!